 Dungeon Crawl Stone Soup version 0.25.0-3-gd7cc5688da (webtiles) character file.

Game seed: 12728343008500882477

912 Ge0ff the Slasher (level 7, -12/59 HPs)
             Began as a Demigod Warper on June 15, 2020.
             Mangled by an ogre
             ... wielding a +0 giant spiked club
              (28 damage)
             ... on level 5 of the Dungeon.
             The game lasted 00:19:29 (6772 turns).

Ge0ff the Slasher (Demigod Warper)                  Turns: 6772, Time: 00:19:29

Health: -12/59     AC: 11    Str: 16    XL:     7   Next: 52%
Magic:  12/12      EV:  7    Int: 19    God:
Gold:   44         SH:  0    Dex: 15    Spells: 5/9 levels left

rFire    . . .     SeeInvis .   a - +1 falchion
rCold    . . .     Gourm    .   (no shield)
rNeg     . . .     Faith    .   X - +0 chain mail
rPois    .         Spirit   .   (no helmet)
rElec    .         Reflect  .   (no cloak)
rCorr    .         Harm     .   S - +1 pair of gloves {archery}
MR       .....                  (no boots)
Stlth    ..........             (no amulet)
HPRegen  0.19/turn              (no ring)
MPRegen  0.13/turn              (no ring)

@: no status effects
A: high mp 1
a: no special abilities


You were on level 5 of the Dungeon.
You were not hungry.

You visited 2 branches of the dungeon, and saw 6 of its levels.
You also visited: Sewer.

You collected 209 gold pieces.
You spent 165 gold pieces at shops.

Inventory:

Hand Weapons
 a - a +1 falchion (weapon)
 w - a +0 vampiric dagger
 T - a +0 trident
Missiles
 e - a boomerang of dispersal
 H - 116 stones
 I - 76 arrows
 N - 36 bolts
 V - 3 boomerangs
 Y - 5 poisoned darts (quivered)
Armour
 P - a +1 ring mail of magic resistance
 S - a +1 pair of gloves of archery (worn)
 X - a +0 chain mail (worn)
Jewellery
 Q - an uncursed ring of fire
Scrolls
 B - 3 scrolls of blinking
 C - a scroll of remove curse
 D - 3 scrolls of enchant armour
 F - a scroll of fog
 R - a scroll of noise
 U - a scroll of enchant weapon
Potions
 q - 10 potions of curing
 L - a potion of lignification
 M - 4 potions of might
 W - 2 potions of stabbing
 Z - a potion of berserk rage {!q}
Comestibles
 r - 10 rations
 O - a chunk of flesh


   Skills:
 + Level 4.3 Fighting
 * Level 6.4 Long Blades
 - Level 1.0 Throwing
 + Level 2.5 Armour
 - Level 2.0 Dodging
 - Level 2.0 Stealth
 - Level 1.7 Spellcasting
 - Level 2.6 Translocations


You had 5 spell levels left.
You knew the following spells:

 Your Spells              Type           Power        Failure   Level  Hunger
c - Blink                 Tloc           N/A          83%         2    ###....
s - Shroud of Golubria    Chrm/Tloc      #.....       95%         2    ###....

Your spell library contained the following spells:

 Spells                   Type           Power        Failure   Level  Hunger
 Gell's Gravitas          Tloc           ##........   97%         3    ###....
 Lesser Beckoning         Tloc           ##........   97%         3    ###....
 Teleport Other           Tloc           ##......     97%         3    ###....
 Passage of Golubria      Tloc           N/A          100%        4    #####..


Dungeon Overview and Level Annotations

Branches:
Dungeon (5/15)             Temple (1/1) D:4           Sewer (visited)

Shops:
D:4 [?}

Annotations:
D:4 3 runed translucent doors (dist. kobolds), Pagrim's ghost, amateur GnSk


Innate Abilities, Weirdness & Mutations

You have an increased reservoir of magic. (+10% MP)


Message History

Press: ? - help, Shift-Dir - straight line, f/p - ogre
Aim: an ogre, wielding a +0 giant spiked club (moderately wounded, poisoned)
You throw a poisoned dart. The poisoned dart hits the ogre.
The ogre looks even sicker.
The ogre is moderately wounded.
The ogre completely misses you.
You hit the ogre but do no damage.
The ogre is moderately wounded.
The ogre hits you with a +0 giant spiked club!
Throwing (i - inventory. (/) - cycle)
Y - 6 poisoned darts (quivered)
Press: ? - help, Shift-Dir - straight line, f/p - ogre
Aim: an ogre, wielding a +0 giant spiked club (moderately wounded, very poisoned)
You throw a poisoned dart. The poisoned dart hits the ogre.
The ogre looks even sicker.
The ogre is moderately wounded.
The ogre shouts!
The ogre hits you with a +0 giant spiked club!
* * * LOW HITPOINT WARNING * * *
The ogre hits you with a +0 giant spiked club!!
You die...

######## #......# #......########
#......##.....#
#...>.........###########
#.......#.#.#.#.#.#.#.#.#
..####.....................<
..........##.#.#.#.#.#.#.#.# ..
[####.....@..O.............
#.###(....(..#O#.#.#.#.#.#.#.#
####..(((##....(.................
....## #.##.##.#.#.#.#.#.#.#.#
...## #.#..###.#.#.....######
#..# ##..<## #.#.#######
#..###..### #...# #####.......#
##..# ...##....#..# ####..####


You could see 2 ogres.

Vanquished Creatures
  Sigmund (D:3)
  2 ogres
  A big kobold (Sewer)
  A crimson imp (D:5)
  A centaur zombie (D:3)
  An orc wizard (D:3)
  3 worker ants
  A howler monkey zombie (D:5)
  A worker ant zombie (D:5)
  4 gnolls (D:5)
  11 adders
  3 river rats (Sewer)
  A shadow imp (D:5)
  3 oozes
  An adder skeleton (D:3)
  3 worms
  2 dart slugs
  3 leopard geckos
  10 orcs
  3 giant cockroaches (D:1)
  5 hobgoblins
  2 quokkas
  6 ball pythons (Sewer)
  A ball python zombie (D:3)
  7 bats
  4 frilled lizards
  2 giant cockroach zombies (D:3)
  8 goblins
  A jackal skeleton (D:4)
  24 kobolds
  A leopard gecko skeleton (D:3)
  36 rats
153 creatures vanquished.

Vanquished Creatures (others)
  2 fungi (D:4)
  2 plants (D:4)
4 creatures vanquished.

Grand Total: 157 creatures vanquished

Notes
Turn   | Place    | Note
-------+----------+-------------------------------------------
     0 | D:1      | Ge0ff the Demigod Warper began the quest for the Orb.
     0 | D:1      | Reached XP level 1. HP: 17/17 MP: 5/5
   101 | D:1      | Reached skill level 2 in Long Blades
   335 | D:1      | Reached XP level 2. HP: 22/24 MP: 7/7
   367 | D:1      | Learned a level 2 spell: Blink
   410 | D:1      | Reached skill level 1 in Stealth
  1221 | D:2      | Reached XP level 3. HP: 25/29 MP: 8/8
  1305 | D:2      | Reached skill level 3 in Long Blades
  1978 | D:2      | Found a blossoming altar of Fedhas.
  2258 | D:2      | Learned a level 2 spell: Shroud of Golubria
  2309 | D:2      | Reached XP level 4. HP: 33/36 MP: 9/9
  2710 | D:2      | Found a shattered altar of Ashenzari.
  2882 | D:3      | Found a sparkling altar of Nemelex Xobeh.
  2882 | D:3      | Found a shimmering altar of Xom.
  2882 | D:3      | Found a glowing golden altar of the Shining One.
  2882 | D:3      | Found a basalt altar of Yredelemnul.
  2882 | D:3      | Found a stormy altar of Qazlal.
  2882 | D:3      | Found an iron altar of Okawaru.
  2998 | D:3      | Noticed Sigmund
  3020 | D:3      | Killed Sigmund
  3020 | D:3      | Reached skill level 4 in Long Blades
  3020 | D:3      | Reached skill level 1 in Armour
  3020 | D:3      | Reached XP level 5. HP: 45/45 MP: 10/10
  3235 | D:3      | Reached XP level 6. HP: 45/51 MP: 11/11
  3384 | D:3      | Found a glowing drain.
  3395 | Sewer    | Entered a sewer
  3595 | Sewer    | Reached skill level 5 in Long Blades
  4925 | D:3      | Found a radiant altar of Vehumet.
  4975 | D:4      | Found Uwadacs's Gadget Shoppe.
  5015 | D:4      | Found a hide-covered altar of Uskayaw.
  5015 | D:4      | Noticed a -2 hand axe
  5015 | D:4      | Noticed a +0 dagger
  5184 | D:4      | Found Nuymelog's Antique Armour Boutique.
  5197 | D:4      | Found a staircase to the Ecumenical Temple.
  5199 | D:4      | Bought a pair of glowing gloves for 165 gold pieces
  5222 | Temple   | Entered the Ecumenical Temple
  5251 | D:4      | Reached XP level 7. HP: 47/58 MP: 12/12
  5581 | D:4      | Found a runed translucent gate.
  5582 | D:4      | Found a runed translucent gate.
  5587 | D:4      | Found a runed translucent gate.
  5590 | D:4      | Noticed Pagrim's ghost (amateur GnSk)
  5592 | D:4      | Identified the cursed +2 whip "Supijadi" {chaos, rF+ Str+3
                  | Int-4}
  5615 | D:4      | Found Ikhlith's Magic Scroll Boutique.
  5825 | D:4      | Found a hazy altar of Hepliaklqana.
  5872 | D:5      | Entered Level 5 of the Dungeon
  5881 | D:5      | Reached skill level 6 in Long Blades
  5936 | D:5      | Reached skill level 1 in Throwing
  6493 | D:5      | Found an ancient bone altar of Kikubaaqudgha.
  6772 | D:5      | Mangled by an ogre

Illustrated notes

Levels and vault maps discovered:
D:1:      shiori_shiawase, layout_basic
D:2:      kennysheep_six_static_rooms, layout_loops_ring, marbit_many_paths,
          kennysheep_nondescript, fedhas_altar_2
D:3:      layout_loops_cross, lemuel_doored_altar, portal_sewer_entry_d,
          serial_undead, serial_undead_d, serial_undead_b, serial_undead_c,
          serial_undead_b, serial_undead_e, serial_undead_a, first_ration,
          doesnt_xom_only_xom, uniq_sigmund
D:4:      layout_rooms, lemuel_coloured_pillars_altar, dancing_weapons_uskayaw,
          minmay_temple_entry_statues_pillars, serial_forest,
          infiniplex_forest_straight_2, infiniplex_forest_straight_1,
          infiniplex_forest_pool, infiniplex_forest_straight_3,
          infiniplex_forest_lined_1, infiniplex_forest_lined_2,
          infiniplex_forest_corner_2, gammafunk_ghost_nasty_kobolds,
          serial_shops, kennysheep_little_box, shop, shop
D:5:      layout_rooms, kennysheep_mini_moat, serial_shops, shop, st_stairs_12
Temple:   zaba_magenta_temple

Skill      XL: |  1  2  3  4  5  6  7 |
---------------+----------------------+-----
Long Blades    | 2 3 4 5 6 |  6.4
Stealth        | 1 2 |  2.0
Fighting       | 2 3 4 |  4.3
Armour         | 1 2 |  2.5
Dodging        | 2 |  2.0
Throwing       | 1 |  1.0
Spellcasting   | |  1.7
Translocations | |  2.6

Action                   |  1- 3 |  4- 6 |  7- 9 || total
-------------------------+-------+-------+-------++-------
Melee: Falchion          |   156 |   255 |   138 ||   549
       Unarmed           |       |    14 |       ||    14
Throw: Stone             |    13 |    10 |       ||    23
       Dart              |       |    30 |    33 ||    63
       Boomerang         |       |       |     4 ||     4
  Use: Potion            |     8 |     2 |       ||    10
       Scroll            |     4 |     9 |     1 ||    14
 Stab: Sleeping          |     4 |     1 |       ||     5
  Eat: Chunk             |     5 |     6 |     5 ||    16
       Ration            |       |     1 |       ||     1
Armor: Leather armour    |    44 |    16 |       ||    60
       Skin              |       |    10 |       ||    10
       Chain mail        |       |   144 |    76 ||   220
Dodge: Dodged            |    93 |   138 |    49 ||   280
       Rpst.: Falchion   |    23 |    55 |    14 ||    92

Levels and vault maps discovered:
D:1:      shiori_shiawase, layout_basic
D:2:      kennysheep_six_static_rooms, layout_loops_ring, marbit_many_paths,
          kennysheep_nondescript, fedhas_altar_2
D:3:      layout_loops_cross, lemuel_doored_altar, portal_sewer_entry_d,
          serial_undead, serial_undead_d, serial_undead_b, serial_undead_c,
          serial_undead_b, serial_undead_e, serial_undead_a, first_ration,
          doesnt_xom_only_xom, uniq_sigmund
D:4:      layout_rooms, lemuel_coloured_pillars_altar, dancing_weapons_uskayaw,
          minmay_temple_entry_statues_pillars, serial_forest,
          infiniplex_forest_straight_2, infiniplex_forest_straight_1,
          infiniplex_forest_pool, infiniplex_forest_straight_3,
          infiniplex_forest_lined_1, infiniplex_forest_lined_2,
          infiniplex_forest_corner_2, gammafunk_ghost_nasty_kobolds,
          serial_shops, kennysheep_little_box, shop, shop
D:5:      layout_rooms, kennysheep_mini_moat, serial_shops, shop, st_stairs_12
Temple:   zaba_magenta_temple
